 Dungeon Crawl Stone Soup version 0.27-a0-543-gd81048afd2 (webtiles) character file.

Game seed: 577329607273654091

480 Leibowitz the Spear-Bearer (level 7, -4/81 HPs)
             Began as a Merfolk Gladiator on Mar 7, 2021.
             Was an Initiate of Okawaru.
             Slain by Natasha (6 damage)
             ... on level 4 of the Dungeon.
             The game lasted 00:08:15 (4239 turns).

Leibowitz the Spear-Bearer (Merfolk Gladiator)      Turns: 4239, Time: 00:08:16

Health: -4/81      AC: 23    Str: 14    XL:     7   Next: 11%
Magic:  7/7        EV:  2    Int:  8    God:    Okawaru [......]
Gold:   126        SH:  0    Dex: 17    Spells: 6/6 levels left

rFire    . . .     SeeInvis .   a - +0 trident
rCold    . . .     Faith    .   (no shield)
rNeg     + + +     Spirit   .   (armour currently unavailable)
rPois    +         Reflect  .   (helmet currently unavailable)
rElec    .         Harm     .   (cloak currently unavailable)
rCorr    .         Rampage  .   (gloves currently unavailable)
Will     .....     NoTele   +   (boots currently unavailable)
Stlth    ++........             (no amulet)
HPRegen  0.23/turn              (no ring)
MPRegen  0.10/turn              (no ring)

@: tree-form
A: (change form in water), (amphibious)
a: Renounce Religion


You were on level 4 of the Dungeon.
You worshipped Okawaru.
Okawaru was noncommittal.
You were a tree.
You visited 2 branches of the dungeon, and saw 5 of its levels.

You collected 126 gold pieces.

Inventory:

Hand Weapons
 a - a +0 trident (weapon)
Missiles
 d - 2 throwing nets (quivered)
Armour
 b - a +0 leather armour (melded)
 c - a +0 helmet (melded)
Jewellery
 m - a ring of fire
 x - a ring of wizardry
Wands
 u - a wand of paralysis (8)
Scrolls
 e - a scroll of blinking {unknown}
 f - 3 scrolls of teleportation {unknown}
 j - 2 scrolls of fog {unknown}
 k - 3 scrolls of immolation {unknown}
 o - 2 scrolls of identify {unknown}
 p - a scroll of magic mapping {unknown}
 r - 2 scrolls of fear {unknown}
 t - 2 scrolls of noise {unknown}
Potions
 g - a potion of brilliance {unknown}
 h - 2 potions of lignification
 i - 3 potions of berserk rage {unknown}
 l - a potion of haste {unknown}
 n - a potion of attraction {unknown}
 q - 3 potions of curing {unknown}
 s - a potion of resistance {unknown}
 v - a potion of flight {unknown}
 w - a potion of degeneration {unknown}


   Skills:
 + Level 4.0 Fighting
 + Level 8.0 Polearms
 + Level 2.0 Throwing
 + Level 1.9 Armour
 + Level 5.6 Dodging
 + Level 1.2 Stealth


You had 6 spell levels left.
You didn't know any spells.
Your spell library was empty.

Dungeon Overview and Level Annotations

Branches:
Dungeon (4/15)             Temple (1/1) D:4

Altars:
Dithmenos
Fedhas
Gozag
Kikubaaqudgha
Makhleb
Nemelex Xobeh
Okawaru
Qazlal
Ru
Trog
Uskayaw
Wu Jian
Xom

Annotations:
D:4 Natasha


Innate Abilities, Weirdness & Mutations

((You revert to your normal form in water.))
((You are amphibious.))
((You are quick and stealthy while swimming. (Stealth+, EV+, Speed+++)))


Message History

You hit Natasha.
Natasha is lightly wounded.
Natasha claws you!
You barely miss Natasha.
Natasha is lightly wounded.
Natasha claws you.
You closely miss Natasha. Natasha claws you.
* * * LOW HITPOINT WARNING * * *
You barely miss Natasha.
Natasha stares at you and mumbles some strange words.
The magic dart hits you.
* * * LOW HITPOINT WARNING * * *
You barely miss Natasha. Natasha barely misses you.
You hit Natasha.
Natasha is moderately wounded.
Natasha barely misses you.
You closely miss Natasha.
Natasha is moderately wounded.
You barely miss Natasha.
Natasha is moderately wounded.
Natasha claws you but does no damage.
You closely miss Natasha.
Natasha is moderately wounded.
Natasha claws you.
* * * LOW HITPOINT WARNING * * *
You barely miss Natasha.
Natasha is moderately wounded.
Natasha misses you.
You closely miss Natasha.
Natasha is moderately wounded.
Natasha claws you.
* * * LOW HITPOINT WARNING * * *
It was a potion of lignification.
You turn into a tree.
Your +0 helmet melds into your body.
Your +0 leather armour melds into your body.
Your roots penetrate the ground.
Natasha mumbles some strange words.
Natasha's front paws start to glow.
Natasha claws you.
You die...

.#........#.## #.#.#...#
###..........# #.......# #
###.#.#....# #.#.#...## #
####.....####........# ##
.##......#.......### .#
......###...........### ..#
.......##.............##
#..............#............##
.#............#♣.......>....##
###............h..(..........#
..........................#
....#.............#.....##
#### .....#............##....#
...##..........##............#
#..#........##.###.....#....##
#...........#..##############
#...##.........##P..## ##...##


You could see Natasha.

Vanquished Creatures
  A hound (D:4)
  4 orc priests
  An iguana (D:4)
  Natasha (D:4)
  2 orc wizards (D:3)
  2 worker ants (D:4)
  8 adders
  2 worms
  4 dart slugs
  3 leopard geckos
  15 orcs
  4 giant cockroaches
  8 goblins
  7 hobgoblins
  7 kobolds
  2 quokkas (D:3)
  12 bats
  3 frilled lizards
  2 quokka skeletons (D:4)
  12 rats
100 creatures vanquished.

Vanquished Creatures (others)
  16 plants (D:4)
16 creatures vanquished.

Grand Total: 116 creatures vanquished

Notes
Turn   | Place    | Note
-------+----------+-------------------------------------------
     0 | D:1      | Leibowitz the Merfolk Gladiator began the quest for the
                  | Orb.
     0 | D:1      | Reached XP level 1. HP: 16/16 MP: 1/1
   208 | D:1      | Reached skill level 5 in Polearms
   208 | D:1      | Reached XP level 2. HP: 22/22 MP: 2/2
   521 | D:1      | Reached XP level 3. HP: 27/27 MP: 3/3
  1072 | D:2      | Reached skill level 6 in Polearms
  1376 | D:2      | Reached XP level 4. HP: 32/33 MP: 4/4
  2328 | D:3      | Reached XP level 5. HP: 37/39 MP: 5/5
  2379 | D:3      | Reached skill level 1 in Armour
  2401 | D:3      | Reached skill level 7 in Polearms
  2483 | D:3      | Reached skill level 1 in Stealth
  2984 | D:3      | Reached skill level 5 in Dodging
  2984 | D:3      | Reached XP level 6. HP: 41/46 MP: 6/6
  3238 | D:4      | Noticed Natasha
  3248 | D:4      | HP: 2/48 [orc/+1 mace of protection (4)]
  3516 | D:4      | Killed Natasha
  3517 | D:4      | Reached XP level 7. HP: 33/53 MP: 7/7
  3782 | D:4      | Found a faded altar of an unknown god.
  3782 | D:4      | Found a staircase to the Ecumenical Temple.
  3795 | D:4      | Reached skill level 8 in Polearms
  3799 | Temple   | Entered the Ecumenical Temple
  4013 | Temple   | Became a worshipper of Warmaster Okawaru
  4221 | D:4      | Noticed Natasha
  4238 | D:4      | HP: 1/54 [Natasha (5)]
  4239 | D:4      | Slain by Natasha

Illustrated notes

Levels and vault maps discovered:
D:1:      lightli_arrival_boilingwater, layout_loops_cross
D:2:      layout_loops_ring
D:3:      layout_basic
D:4:      layout_cave_pools, nicolae_temple_entry_ecumenical, serial_glass,
          glass_columns_a, glass_columns_c, uniq_natasha
Temple:   nicolae_temple_figure_eight

Skill      XL: |  1  2  3  4  5  6  7 |
---------------+----------------------+-----
Polearms       | 5 6 7 8 |  8.0
Armour         | 1 |  1.9
Stealth        | 1 |  1.2
Dodging        | 5 |  5.6
Fighting       | 3 4 |  4.0
Throwing       | |  2.0

Action                   |  1- 3 |  4- 6 |  7- 9 || total
-------------------------+-------+-------+-------++-------
Melee: Trident           |   114 |   209 |    39 ||   362
Throw: Throwing net      |       |     1 |       ||     1
  Use: Potion            |       |       |     1 ||     1
 Stab: Sleeping          |     3 |     4 |       ||     7
       Distracted        |       |     1 |       ||     1
Armor: Leather armour    |    18 |    32 |     4 ||    54
Dodge: Dodged            |    76 |   120 |    19 ||   215

Table legend: (Time is in decaauts)
 A = Elapsed time spent in this place.
 B = Non-inter-level travel time spent in this place.
 C = Inter-level travel time spent in this place.
 D = Time resting spent in this place.
 E = Time spent auto-exploring this place.
 F = Levels seen in this place.
 G = Mean time per level.
                   A        B        C        D        E       F      G
               +--------+--------+--------+--------+--------+-----+--------+
         Total |   4228 |   4096 |    132 |   1111 |   2213 |   5 |  845.6 |
       Dungeon |   4002 |   3881 |    121 |   1111 |   2004 |   4 | 1000.5 |
        Temple |    226 |    215 |     11 |      0 |    209 |   1 |  226.0 |
               +--------+--------+--------+--------+--------+-----+--------+

Top non-repeatable levels by time:
     D:2: 1283 daAuts
     D:4: 955 daAuts
     D:1: 916 daAuts
     D:3: 846 daAuts
  Temple: 226 daAuts
